 Dungeon Crawl Stone Soup version 0.31-a0-596-g831eee08f1 (webtiles) character file.

Game seed: 3432953103085482688

41 thirtiethelement the Trooper (level 3, -4/29 HPs)
             Began as a Demonspawn Cinder Acolyte on Aug 20, 2023.
             Was a High Priest of Ignis.
             Slain by Terence
             ... wielding a +0 falchion
              (6 damage)
             ... on level 2 of the Dungeon.
             The game lasted 00:02:21 (1148 turns).

thirtiethelement the Trooper (DsCA)                 Turns: 1148, Time: 00:02:22

Health: -4/29      AC:  3    Str: 16    XL:     3   Next: 32%
Magic:  2/4        EV: 11    Int: 15    God:    Ignis [*****.]
Gold:   33         SH:  4    Dex:  8    Spells: 2/4 levels left

rFire   + . .        a - -1 hand axe (flame)
rCold   . . .        (no shield)
rNeg    . . .        f - +0 leather armour
rPois   .            (helmet restricted)
rElec   .            (no cloak)
rCorr   .            (no gloves)
SInv    .            (no boots)
Will    .....        (no amulet)
Stlth   +            (no ring)
HPRegen 0.24/turn    (no ring)
MPRegen 0.09/turn

%: no passive effects
@: no status effects
A: horns 1, condensation shield
a: Renounce Religion, Fiery Armour, Foxfire Swarm, Rising Flame


You were on level 2 of the Dungeon.
You worshipped Ignis.
Ignis was extremely pleased with you.
You visited 1 branch of the dungeon, and saw 2 of its levels.

You collected 33 gold pieces.

Inventory:

Hand Weapons
 a - a -1 hand axe of flaming (weapon)
Missiles
 e - 2 javelins (quivered)
Armour
 f - a +0 leather armour (worn)
Scrolls
 b - a scroll of fear {unknown}
 c - a scroll of revelation {unknown}
 g - a scroll of identify {unknown}
 h - a scroll of enchant armour {unknown}
Potions
 d - a potion of attraction {unknown}


   Skills:
 + Level 3.3 Fighting
 + Level 3.2 Axes
 + Level 0.1 Armour
 + Level 0.2 Dodging
 + Level 1.0 Spellcasting
 + Level 3.1 Fire Magic


You had 2 spell levels left.
You knew the following spells:

 Your Spells              Type           Power      Damage    Failure   Level
a - Scorch                Fire           20%        2d5       12%         2

Your spell library contained the following spells:

 Spells                   Type           Power      Damage    Failure   Level


Dungeon Overview and Level Annotations

Branches:
Dungeon (2/15)

Altars:

Annotations:
D:2 Terence


Innate Abilities, Weirdness & Mutations

You have a pair of small horns on your head.
A meltable shield of frost defends you. (SH +4)


Message History

You hit Terence. You burn Terence.
Terence is lightly wounded.
Terence hits you with a +0 falchion.
You barely miss Terence. Your headbutt misses Terence.
Terence is lightly wounded.
Terence closely misses you. Terence barely misses you.
You closely miss Terence.
Terence is lightly wounded.
Terence barely misses you.
You barely miss Terence.
Terence is lightly wounded.
Terence hits you with a +0 falchion.
You hit Terence but do no damage.
Terence is lightly wounded.
Terence barely misses you.
You hit Terence. You burn Terence. Your headbutt misses Terence.
Terence is severely wounded.
You block Terence's attack.
Casting: Scorch (safe; 12% risk of failure)
Confirm with . or Enter, or press ? or * to list all spells.
You miscast Scorch.
You are very lightly contaminated with residual magic.
Nothing appears to happen.
Terence barely misses you.
You closely miss Terence. Your headbutt misses Terence.
Terence is heavily wounded.
Terence barely misses you.
You hit Terence but do no damage.
Terence is heavily wounded.
Terence hits you with a +0 falchion.
You closely miss Terence.
Terence is heavily wounded.
Terence hits you with a +0 falchion! Terence hits you with a +0 falchion.
* * * LOW HITPOINT WARNING * * *
Terence attacks as he pursues you! Terence barely misses you.
There is a stone staircase leading down here.
Your magical contamination has completely faded away.
Terence attacks as he pursues you! Terence hits you with a +0 falchion.
* * * LOW HITPOINT WARNING * * *
Terence attacks as he pursues you! Terence hits you with a +0 falchion.
You die...

#.# #.# #.# #.# ###.###
#.#.# #.....# #.#.# #.#.#.#
#.#.# # ... #.#.#.#.#
#.#.#.#
.....#.#.#.#.#####.#.#.#
.....#.#.#.#...@@)..<..#
.....#.#...........#.#.####
.......#...#........(......#
.....#.#..........)....###.#
...#.#......#.#.#.....#
#)#..>..#..#.#.#####.#
#......###...... .#
###..........#.## #
#..#########.#


You could see Terence.

Vanquished Creatures
  3 ball pythons (D:1)
  6 endoplasms
  A giant cockroach (D:1)
  4 goblins
  4 hobgoblins
  3 jackals (D:1)
  4 kobolds
  3 quokkas
  2 bats (D:1)
  A frilled lizard (D:1)
  4 rats
35 creatures vanquished.

Notes
Turn   | Place    | Note
-------+----------+-------------------------------------------
     0 | D:1      | thirtiethelement the Demonspawn Cinder Acolyte began the
                  | quest for the Orb.
     0 | D:1      | Reached XP level 1. HP: 18/18 MP: 2/2
   229 | D:1      | Found a faded altar of an unknown god.
   285 | D:1      | Gained mutation: You have a pair of small horns on your
                  | head. [demonic ancestry]
   285 | D:1      | Reached XP level 2. HP: 24/24 MP: 3/3
   320 | D:1      | Learned a level 2 spell: Scorch
   573 | D:1      | Gained mutation: A meltable shield of frost defends you.
                  | (SH +4) [demonic ancestry]
   573 | D:1      | Reached XP level 3. HP: 13/29 MP: 4/4
  1119 | D:2      | Noticed Terence
  1148 | D:2      | Slain by Terence

Illustrated notes

Levels and vault maps discovered:
D:1:      dpeg_arrival_castle, layout_basic, ebering_ecumenical_altar_hall,
          nicolae_concentric_dashed_squares_wild
D:2:      layout_basic, uniq_terence, uniq_sigmund, uniq_jessica

Skill      XL: |  1  2 |
---------------+-------+-----
Fire Magic     | 3 |  3.1
Axes           | 3 |  3.2
Fighting       | |  3.3
Armour         | |  0.1
Dodging        | |  0.2
Spellcasting   | |  1.0

Action                     || total
---------------------------++-------
  Melee: Hand axe          ||    91
         Headbutt          ||     9
   Cast: Scorch            ||     5
 Armour: Robe              ||    10
         Leather armour    ||     8
  Dodge: Dodged            ||    62
  Block: Other             ||     5

Table legend: (Time is in decaauts)
 A = Elapsed time spent in this place.
 B = Non-inter-level travel time spent in this place.
 C = Inter-level travel time spent in this place.
 D = Time resting spent in this place.
 E = Time spent auto-exploring this place.
 F = Levels seen in this place.
 G = Mean time per level.
                   A        B        C        D        E       F      G
               +--------+--------+--------+--------+--------+-----+--------+
         Total |   1167 |   1142 |     25 |      0 |    905 |   2 |  583.5 |
       Dungeon |   1167 |   1142 |     25 |      0 |    905 |   2 |  583.5 |
               +--------+--------+--------+--------+--------+-----+--------+

Top non-repeatable levels by time:
     D:1: 1079 daAuts
     D:2: 87 daAuts
